TOP OF THE 1ST |
Las Vegas Stars batting - Pitching for Redwood City Redwoods : RHP Manuel Mora
|
Pitching: RHP Manuel Mora
|
|
Batting: SHB Sloan James
|
0-0: Called Strike 0-1: Swinging Strike 0-2: Reached on error, E4 (Groundball, 34)
|
Batting: RHB José Zúńiga
|
0-0: Called Strike 0-1: Foul Ball, location: 2F 0-2: Ball 1-2: Foul Ball, location: 2F 1-2: Ball 2-2: Ball 3-2: Foul Ball, location: 2F 3-2: Ground out U3 (Groundball, 3S) Sloan James to second
|
Batting: RHB Kyle Bacon
|
0-0: Ball 1-0: SINGLE (Groundball, 5D) Sloan James to third
|
Batting: LHB Diego Torres
|
0-0: Ball 1-0: Called Strike 1-1: Ball 2-1: Ball 3-1: Foul Ball, location: 2F 3-2: Base on Balls Kyle Bacon to second
|
Batting: RHB Reginaldo Jaconelli
|
0-0: Ball 1-0: Ball 2-0: Ball 3-0: Called Strike 3-1: Foul Ball, location: 2F 3-2: Foul Ball, location: 2F 3-2: Base on Balls Sloan James scores Kyle Bacon to third Diego Torres to second
|
Batting: LHB Fernando De La Cruz
|
0-0: Ball 1-0: Ball 2-0: Ball 3-0: Base on Balls Kyle Bacon scores Diego Torres to third Reginaldo Jaconelli to second
|
Batting: RHB Matthieu Vancini
|
0-0: Ball 1-0: Called Strike 1-1: Ball 2-1: Foul Ball, location: 2F 2-2: Foul Ball, location: 2F 2-2: Foul Ball, location: 2F 2-2: Fly out, F7 (Flyball, 7S) Runner from 3rd tags up, SCORES, throw made
|
Batting: LHB Henry Leroux
|
0-0: Called Strike 0-1: Ball 1-1: Ground out U3 (Groundball, 3L)
|
Top of the 1st over - 3 run(s), 1 hit(s), 1 error(s), 2 left on base; Las Vegas 3 - Redwood City 0 |
BOTTOM OF THE 1ST |
Redwood City Redwoods batting - Pitching for Las Vegas Stars : RHP Dema Mitenkov
|
Pitching: RHP Dema Mitenkov
|
|
Batting: LHB Diego González
|
0-0: Foul Ball, location: 2F 0-1: Called Strike 0-2: Strikes out looking
|
Batting: SHB Luis González
|
0-0: Called Strike 0-1: Ball 1-1: Ball 2-1: Ball 3-1: Called Strike 3-2: Base on Balls
|
Batting: LHB Germán Charfauros
|
0-0: SINGLE (Line Drive, 7S) Luis González to second
|
Batting: LHB Iván Salas
|
0-0: Called Strike 0-1: Ball 1-1: Foul Ball, location: 2F 1-2: Hit by Pitch Luis González to third Germán Charfauros to second
|
Batting: LHB Nicholas Alston
|
0-0: Foul Ball, location: 2F 0-1: Ball 1-1: Fly out, F7 (Flyball, 7D) Runner from 3rd tags up, SCORES, no throw
|
Batting: RHB Fu Tse
|
0-0: Ball 1-0: Swinging Strike 1-1: Ball 2-1: Ball 3-1: Base on Balls Germán Charfauros to third Iván Salas to second
|
Batting: RHB Rafael Rincón
|
0-0: SINGLE (Line Drive, 6MD) Germán Charfauros scores Iván Salas to third Fu Tse to second Runner from 3rd tries for Home, SAFE, no throw or cutoff
|
Batting: LHB Patrick Bright
|
0-0: Ball 1-0: Fly out, F2 (Popup, 25F)
|
Bottom of the 1st over - 3 run(s), 2 hit(s), 0 error(s), 2 left on base; Las Vegas 3 - Redwood City 3 |
TOP OF THE 2ND |
Las Vegas Stars batting - Pitching for Redwood City Redwoods : RHP Manuel Mora
|
Batting: RHB Ryan Campbell
|
0-0: Ground out 6-3 (Groundball, 6)
|
Batting: SHB Sloan James
|
0-0: Ball 1-0: Ball 2-0: Ball 3-0: Base on Balls
|
Batting: RHB José Zúńiga
|
0-0: Called Strike 0-1: Foul Ball, location: 2F 0-2: Ball 1-2: Ball 2-2: Ball 3-2: Base on Balls Sloan James to second
|
Batting: RHB Kyle Bacon
|
0-0: Called Strike 0-1: Swinging Strike 0-2: Foul Ball, location: 2F 0-2: Foul Ball, location: 2F 0-2: Ball 1-2: Ball 2-2: Ball Wild Pitch! Sloan James to third José Zúńiga to second 3-2: Foul Ball, location: 2F 3-2: Foul Ball, location: 2F 3-2: Fly out, F9 (Popup, 4D)
|
Batting: LHB Diego Torres
|
0-0: Foul Ball, location: 2F 0-1: Ball 1-1: Foul Ball, location: 2F 1-2: Ball 2-2: Ball 3-2: Foul Ball, location: 2F 3-2: Foul Ball, location: 2F 3-2: Foul Ball, location: 2F 3-2: SINGLE (Line Drive, 9LS) Sloan James scores José Zúńiga to third José Zúńiga scores
|
Batting: RHB Reginaldo Jaconelli
|
0-0: Called Strike 0-1: Ball 1-1: SINGLE (Groundball, 34D) Diego Torres to second Runner from 2nd tries for 3rd, SAFE, throw made to third
|
Batting: LHB Fernando De La Cruz
|
0-0: Ball 1-0: Swinging Strike 1-1: Foul Ball, location: 2F 1-2: Ball 2-2: Foul Ball, location: 2F 2-2: SINGLE (Groundball, 4MD) Diego Torres scores Reginaldo Jaconelli to second
|
Batting: RHB Matthieu Vancini
|
0-0: Fly out, F9 (Flyball, 89M)
|
Top of the 2nd over - 3 run(s), 3 hit(s), 0 error(s), 2 left on base; Las Vegas 6 - Redwood City 3 |
BOTTOM OF THE 2ND |
Redwood City Redwoods batting - Pitching for Las Vegas Stars : RHP Dema Mitenkov
|
Batting: RHB Manuel González
|
0-0: Foul Ball, location: 2F 0-1: Ball 1-1: Ball 2-1: Called Strike 2-2: Ball 3-2: Foul Ball, location: 2F 3-2: Fly out, F8 (Line Drive, 78S)
|
Batting: LHB Diego González
|
0-0: Ball 1-0: Foul Ball, location: 2F 1-1: Foul Ball, location: 2F 1-2: Strikes out looking
|
Batting: SHB Luis González
|
0-0: Foul Ball, location: 2F 0-1: Ball 1-1: Called Strike 1-2: SINGLE (Line Drive, 89S)
|
Batting: LHB Germán Charfauros
|
0-0: Ball 1-0: Ground out 1-3 (Groundball, 15S)
|
Bottom of the 2nd over - 0 run(s), 1 hit(s), 0 error(s), 1 left on base; Las Vegas 6 - Redwood City 3 |
TOP OF THE 3RD |
Las Vegas Stars batting - Pitching for Redwood City Redwoods : RHP Manuel Mora
|
Batting: LHB Henry Leroux
|
0-0: Foul Ball, location: 2F 0-1: Foul Ball, location: 2F 0-2: Strikes out looking
|
Batting: RHB Ryan Campbell
|
0-0: Ball 1-0: Reached on error, E5 (Groundball, 5L)
|
Batting: SHB Sloan James
|
0-0: Called Strike 0-1: Ball 1-1: SINGLE (Line Drive, 4MD) Ryan Campbell to second
|
Batting: RHB José Zúńiga
|
0-0: Grounds into double play, 6-4-3 (Groundball, 6)
|
Top of the 3rd over - 0 run(s), 1 hit(s), 1 error(s), 1 left on base; Las Vegas 6 - Redwood City 3 |
BOTTOM OF THE 3RD |
Redwood City Redwoods batting - Pitching for Las Vegas Stars : RHP Dema Mitenkov
|
Batting: LHB Iván Salas
|
0-0: Swinging Strike 0-1: Called Strike 0-2: Ball 1-2: Foul Ball, location: 2F 1-2: Foul Ball, location: 2F 1-2: Strikes out swinging
|
Batting: LHB Nicholas Alston
|
0-0: Called Strike 0-1: Called Strike 0-2: Ball 1-2: Strikes out swinging
|
Batting: RHB Fu Tse
|
0-0: Foul Ball, location: 2F 0-1: Ball 1-1: Foul Ball, location: 2F 1-2: Ground out 6-3 (Groundball, 6S)
|
Bottom of the 3rd over - 0 run(s), 0 hit(s), 0 error(s), 0 left on base; Las Vegas 6 - Redwood City 3 |
TOP OF THE 4TH |
Las Vegas Stars batting - Pitching for Redwood City Redwoods : RHP Manuel Mora
|
Batting: RHB Kyle Bacon
|
0-0: Ball 1-0: Ball 2-0: Foul Ball, location: 2F 2-1: SOLO HOME RUN (Flyball, 7LD), Distance : 319 ft
|
Batting: LHB Diego Torres
|
0-0: Ball 1-0: SINGLE (Groundball, 6MD)
|
Batting: RHB Reginaldo Jaconelli
|
0-0: Ball 1-0: Foul Ball, location: 2F 1-1: Ball 2-1: Called Strike 2-2: Grounds into double play, 6-4-3 (Groundball, 6)
|
Batting: LHB Fernando De La Cruz
|
0-0: Hit by Pitch
|
Pitching: RHP Lúcio Solano
|
|
Batting: RHB Matthieu Vancini
|
0-0: Foul Ball, location: 2F 0-1: Ball 1-1: Ball 2-1: Ball 3-1: Swinging Strike 3-2: Base on Balls Fernando De La Cruz to second
|
Batting: LHB Henry Leroux
|
0-0: Called Strike 0-1: Foul Ball, location: 2F 0-2: Ball 1-2: Foul Ball, location: 2F 1-2: Ground out U3 (Groundball, 3)
|
Top of the 4th over - 1 run(s), 2 hit(s), 0 error(s), 2 left on base; Las Vegas 7 - Redwood City 3 |
BOTTOM OF THE 4TH |
Redwood City Redwoods batting - Pitching for Las Vegas Stars : RHP Dema Mitenkov
|
Batting: RHB Rafael Rincón
|
0-0: Called Strike 0-1: Ball 1-1: Ball 2-1: Ground out 4-3 (Groundball, 13)
|
Batting: LHB Patrick Bright
|
0-0: Foul Ball, location: 2F 0-1: Ball 1-1: SINGLE (Line Drive, 8RS)
|
Batting: RHB Manuel González
|
0-0: Ball 1-0: Ball 2-0: Ball 3-0: Foul Ball, location: 2F 3-1: SINGLE (Line Drive, 6D) Patrick Bright to second
|
Batting: LHB Diego González
|
0-0: Fielders Choice at 2nd, 1-6 (Groundball, 15S) Patrick Bright to third
|
Batting: SHB Luis González
|
0-0: Foul Ball, location: 2F 0-1: Ball 1-1: Ball 2-1: Swinging Strike 2-2: Strikes out swinging
|
Bottom of the 4th over - 0 run(s), 2 hit(s), 0 error(s), 2 left on base; Las Vegas 7 - Redwood City 3 |
TOP OF THE 5TH |
Las Vegas Stars batting - Pitching for Redwood City Redwoods : RHP Lúcio Solano
|
Batting: RHB Ryan Campbell
|
0-0: Ball 1-0: Ball 2-0: Fly out, F7 (Flyball, 78S)
|
Batting: SHB Sloan James
|
0-0: Ball 1-0: SOLO HOME RUN (Flyball, 8LD), Distance : 413 ft
|
Batting: RHB José Zúńiga
|
0-0: Swinging Strike 0-1: Fly out, F5 (Popup, 25)
|
Batting: RHB Kyle Bacon
|
0-0: Ball 1-0: Fly out, F8 (Flyball, 8LM)
|
Top of the 5th over - 1 run(s), 1 hit(s), 0 error(s), 0 left on base; Las Vegas 8 - Redwood City 3 |
BOTTOM OF THE 5TH |
Redwood City Redwoods batting - Pitching for Las Vegas Stars : RHP Dema Mitenkov
|
Batting: LHB Germán Charfauros
|
0-0: Fly out, F3 (Popup, 34S)
|
Batting: LHB Iván Salas
|
0-0: Ball 1-0: Ball 2-0: Ball 3-0: Base on Balls
|
Pitching: RHP Luis Antonio Martínez
|
|
Batting: LHB Nicholas Alston
|
0-0: Ball 1-0: Foul Ball, location: 2F 1-1: Foul Ball, location: 2F 1-2: Ball 2-2: Ball 3-2: Strikes out swinging
|
Batting: RHB Fu Tse
|
0-0: Called Strike 0-1: Called Strike 0-2: Strikes out swinging
|
Bottom of the 5th over - 0 run(s), 0 hit(s), 0 error(s), 1 left on base; Las Vegas 8 - Redwood City 3 |
TOP OF THE 6TH |
Las Vegas Stars batting - Pitching for Redwood City Redwoods : RHP Lúcio Solano
|
Batting: LHB Diego Torres
|
0-0: Ball 1-0: Ball 2-0: Swinging Strike 2-1: Fly out, F7 (Flyball, 78D)
|
Batting: RHB Reginaldo Jaconelli
|
0-0: Called Strike 0-1: Ball 1-1: Foul Ball, location: 2F 1-2: SINGLE (Groundball, 56D)
|
Batting: LHB Fernando De La Cruz
|
0-0: Ball 1-0: Foul Ball, location: 2F 1-1: Called Strike 1-2: Strikes out swinging
|
Batting: RHB Matthieu Vancini
|
0-0: Called Strike 0-1: Ball 1-1: Fly out, F9 (Flyball, 89M)
|
Top of the 6th over - 0 run(s), 1 hit(s), 0 error(s), 1 left on base; Las Vegas 8 - Redwood City 3 |
BOTTOM OF THE 6TH |
Redwood City Redwoods batting - Pitching for Las Vegas Stars : RHP Luis Antonio Martínez
|
Batting: RHB Rafael Rincón
|
0-0: Ball 1-0: SINGLE (Flyball, 78S)
|
Batting: LHB Patrick Bright
|
0-0: Ball 1-0: Called Strike 1-1: Ball 2-1: Ball 3-1: Foul Ball, location: 2F 3-2: Foul Ball, location: 2F 3-2: Base on Balls Rafael Rincón to second
|
Batting: RHB Manuel González
|
0-0: Foul Ball, location: 2F 0-1: Foul Ball, location: 2F 0-2: Ball 1-2: Foul Ball, location: 2F 1-2: Fly out, F9 (Flyball, 9LMF) Runner from 2nd tags up, OUT at 3rd
|
Batting: LHB Diego González
|
0-0: Ball 1-0: Foul Ball, location: 2F 1-1: Ball 2-1: Foul Ball, location: 2F 2-2: Foul Ball, location: 2F 2-2: Ball 3-2: DOUBLE (Line Drive, 89XD) Patrick Bright to third Patrick Bright scores
|
Batting: SHB Luis González
|
0-0: Called Strike 0-1: SINGLE (Line Drive, 4M) Diego González to third Runner from 3rd tries for Home, SAFE, no throw or cutoff
|
Batting: LHB Germán Charfauros
|
0-0: Ball 1-0: Ball 2-0: Called Strike 2-1: Ball 3-1: Base on Balls Luis González to second
|
Pitching: RHP José Gómes
|
|
Batting: LHB Iván Salas
|
0-0: Ball 1-0: Ball 2-0: Ball 3-0: Base on Balls Luis González to third Germán Charfauros to second
|
Batting: LHB Nicholas Alston
|
0-0: Foul Ball, location: 2F 0-1: Ball 1-1: Called Strike 1-2: Ground out 5-3 (Groundball, 5S)
|
Bottom of the 6th over - 2 run(s), 3 hit(s), 0 error(s), 3 left on base; Las Vegas 8 - Redwood City 5 |
TOP OF THE 7TH |
Las Vegas Stars batting - Pitching for Redwood City Redwoods : RHP Lúcio Solano
|
Pitching: RHP Jim Williams
|
|
Batting: LHB Henry Leroux
|
0-0: Called Strike 0-1: Ground out 3-1 (Groundball, 34)
|
Batting: RHB Ryan Campbell
|
0-0: Ball 1-0: Ground out 3-1 (Groundball, 3)
|
Batting: SHB Sloan James
|
0-0: Ball 1-0: Fly out, F7 (Flyball, 7D)
|
Top of the 7th over - 0 run(s), 0 hit(s), 0 error(s), 0 left on base; Las Vegas 8 - Redwood City 5 |
BOTTOM OF THE 7TH |
Redwood City Redwoods batting - Pitching for Las Vegas Stars : RHP José Gómes
|
Batting: RHB Fu Tse
|
0-0: Foul Ball, location: 2F 0-1: Ball 1-1: Ball 2-1: Ball 3-1: Ground out 1-3 (Groundball, 23)
|
Batting: RHB Rafael Rincón
|
0-0: Called Strike 0-1: Called Strike 0-2: Foul Ball, location: 2F 0-2: Foul Ball, location: 2F 0-2: Ball 1-2: Strikes out looking
|
Batting: LHB Patrick Bright
|
0-0: Ball 1-0: Ball 2-0: Called Strike 2-1: Swinging Strike 2-2: Strikes out swinging
|
Bottom of the 7th over - 0 run(s), 0 hit(s), 0 error(s), 0 left on base; Las Vegas 8 - Redwood City 5 |
TOP OF THE 8TH |
Las Vegas Stars batting - Pitching for Redwood City Redwoods : RHP Jim Williams
|
Batting: RHB José Zúńiga
|
0-0: Ball 1-0: Ball 2-0: Ball 3-0: Called Strike 3-1: Foul Ball, location: 2F 3-2: Fly out, F8 (Flyball, 8RM)
|
Batting: RHB Kyle Bacon
|
0-0: Swinging Strike 0-1: Foul Ball, location: 2F 0-2: Foul Ball, location: 2F 0-2: Strikes out swinging
|
Batting: LHB Diego Torres
|
0-0: Foul Ball, location: 2F 0-1: Ball 1-1: Ball 2-1: SINGLE (Line Drive, 3D)
|
Batting: RHB Reginaldo Jaconelli
|
0-0: Ball 1-0: Ball 2-0: Ball 3-0: Called Strike 3-1: Foul Ball, location: 2F 3-2: Base on Balls Diego Torres to second
|
Batting: LHB Fernando De La Cruz
|
0-0: Called Strike 0-1: Foul Ball, location: 2F 0-2: Strikes out looking
|
Top of the 8th over - 0 run(s), 1 hit(s), 0 error(s), 2 left on base; Las Vegas 8 - Redwood City 5 |
BOTTOM OF THE 8TH |
Redwood City Redwoods batting - Pitching for Las Vegas Stars : RHP José Gómes
|
Batting: RHB Manuel González
|
0-0: Swinging Strike 0-1: Ball 1-1: Called Strike 1-2: Foul Ball, location: 2F 1-2: SOLO HOME RUN (Flyball, 7D), Distance : 361 ft
|
Batting: LHB Diego González
|
0-0: Foul Ball, location: 2F 0-1: Foul Ball, location: 2F 0-2: Strikes out swinging
|
Pitching: RHP Mike Drader
|
|
Batting: SHB Luis González
|
0-0: Called Strike 0-1: Ball 1-1: Swinging Strike 1-2: Strikes out swinging
|
Batting: LHB Germán Charfauros
|
0-0: Ball 1-0: Ball 2-0: Swinging Strike 2-1: Fly out, F9 (Flyball, 9M)
|
Bottom of the 8th over - 1 run(s), 1 hit(s), 0 error(s), 0 left on base; Las Vegas 8 - Redwood City 6 |
TOP OF THE 9TH |
Las Vegas Stars batting - Pitching for Redwood City Redwoods : RHP Jim Williams
|
Pitching: LHP George Owens
|
|
Batting: RHB Matthieu Vancini
|
0-0: Ball 1-0: Called Strike 1-1: SINGLE (Line Drive, 8RS)
|
Batting: LHB Henry Leroux
|
0-0: Bunted foul 0-1: Bunted foul 0-2: Ball 1-2: Fielders Choice at 2nd, 4-6 (Groundball, 34)
|
Batting: RHB Ryan Campbell
|
0-0: Called Strike Henry Leroux steals 2nd base 0-1: Ball 1-1: Fly out, F8 (Flyball, 8LM)
|
Batting: SHB Sloan James
|
0-0: Ball 1-0: Ball 2-0: Called Strike 2-1: Ball 3-1: Called Strike 3-2: SINGLE (Line Drive, 7LS) Henry Leroux to third Henry Leroux scores
|
Batting: RHB José Zúńiga
|
0-0: Called Strike 0-1: Foul Ball, location: 2F 0-2: Ball 1-2: Ball 2-2: Fly out, F9 (Line Drive, 9S)
|
Top of the 9th over - 1 run(s), 2 hit(s), 0 error(s), 1 left on base; Las Vegas 9 - Redwood City 6 |
BOTTOM OF THE 9TH |
Redwood City Redwoods batting - Pitching for Las Vegas Stars : RHP Mike Drader
|
Pitching: RHP Armando López
|
|
Batting: LHB Iván Salas
|
0-0: Called Strike 0-1: Called Strike 0-2: SINGLE (Groundball, 4MD)
|
Batting: LHB Nicholas Alston
|
0-0: Ball 1-0: Foul Ball, location: 2F 1-1: Ball 2-1: Ball 3-1: SINGLE (Flyball, 8LS) Iván Salas to second
|
Batting: RHB Fu Tse
|
0-0: Called Strike 0-1: Swinging Strike 0-2: Strikes out looking
|
Batting: RHB Rafael Rincón
|
0-0: Called Strike 0-1: Fly out, F8 (Flyball, 8RM)
|
Batting: LHB Patrick Bright
|
0-0: Ball 1-0: Fly out, F7 (Flyball, 7M)
|
Bottom of the 9th over - 0 run(s), 2 hit(s), 0 error(s), 2 left on base; Las Vegas 9 - Redwood City 6 |
|